 Dungeon Crawl Stone Soup version 0.17.1-1-g73c8601 (webtiles) character file.

38 ololoev the Chopper (level 3, 0/29 HPs)
             Began as a Demonspawn Fighter on Dec 23, 2015.
             Slain by Iseqisch the big kobold (1 damage)
             ... created by the player character
             ... on level 3 of the Dungeon.
             The game lasted 00:02:23 (267 turns).

ololoev the Chopper (Demonspawn Fighter)             Turns: 267, Time: 00:02:23

Health: 0/29       AC:  6    Str: 20    XL:     3   Next: 25%
Magic:  3/3        EV:  7    Int:  8    God:
Gold:   4          SH:  9    Dex: 12    Spells: 0 memorised, 2 levels left

rFire  . . .     SeeInvis .     a - +0 war axe
rCold  . . .     Clarity  .     b - +0 scale mail
rNeg   . . .     SustAt   .     c - +0 shield
rPois  .         Gourm    .     (helmet restricted)
rElec  .         Spirit   .     (no cloak)
rCorr  .         Warding  .     (no gloves)
rMut   .         Stasis   .     (no boots)
MR     .....                    (no amulet)
Stlth  ..........               (no ring)
                                (no ring)

@: not resistant to hostile enchantments, extremely unstealthy
A: horns 1, strong 1, subdued magic 1
a: no special abilities


Innate Abilities, Weirdness & Mutations

You have a pair of small horns on your head.
Your muscles are strong. (Str +2)
Your spells are a little easier to cast, but a little less powerful.

Inventory:

Hand Weapons
 a - a +0 war axe (weapon)
Armour
 b - a +0 scale mail (worn)
 c - a +0 shield (worn)
Scrolls
 g - 4 scrolls of identify {unknown}
 i - a scroll of amnesia {unknown}
 j - a scroll of fear {unknown}
 k - a scroll of remove curse {unknown}
Potions
 d - a potion of might
 f - a potion of curing
Miscellaneous
 h - a plain deck of wonders {drawn: 8}
Comestibles
 e - 2 bread rations


   Skills:
 - Level 3.0 Fighting
 * Level 3.3 Axes
 - Level 2.6 Armour
 - Level 2.6 Shields


You had 2 spell levels left.
You didn't know any spells.


You were on level 3 of the Dungeon.
You were not hungry.

You visited 1 branch of the dungeon, and saw 3 of its levels.

You collected 8 gold pieces.

.#.....8.........8.....#.
#.........†.............#
........8.......8........
.........................
.........................
.#.#####.##..######.#<###
.#.#####.##.### #.#.#
..............### ....#
...#####@.........###..
#K.....#### ### #.#...#.#
...##### # ###. ##

Notes
Turn   | Place    | Note
--------------------------------------------------------------
     0 | D:1      | ololoev the Demonspawn Fighter began the quest for the Orb.
     0 | D:1      | Reached XP level 1. HP: 18/18 MP: 1/1
   107 | D:2      | Gained mutation: You have a pair of small horns on your head. [demonic ancestry]
   107 | D:2      | Reached XP level 2. HP: 10/24 MP: 2/2
   114 | D:2      | Found an ancient bone altar of Kikubaaqudgha.
   131 | D:2      | Found a sparkling altar of Nemelex Xobeh.
   173 | D:2      | Drew Focus: Str increased to 17, Int decreased to 8
   173 | D:2      | HP: 1/24 [adder (2)]
   174 | D:2      | Gained mutation: Your muscles are strong. (Str +2) [helix card]
   227 | D:3      | Reached XP level 3. HP: 13/29 MP: 3/3
   252 | D:3      | Gained mutation: Your spells are a little easier to cast, but a little less powerful. [helix card]
   254 | D:3      | Noticed Iseqisch
   265 | D:3      | HP: 1/29 [Iseqisch the big kobold[the player character] (5)]
   267 | D:3      | Slain by Iseqisch the big kobold

Dungeon Overview and Level Annotations

Branches:
Dungeon (3/15)

Altars:
Kikubaaqudgha
Nemelex Xobeh


Message History

Drink which item? (? for menu, Esc to quit)
Okay, then.
Iseqisch throws a stone.
The stone hits you but does no damage.
The stone disappears in a puff of smoke!
You block Iseqisch's attack.
You slash Iseqisch!
Iseqisch is moderately wounded.
Iseqisch hits you.
You barely miss Iseqisch.
Iseqisch is moderately wounded.
You block Iseqisch's attack.
You barely miss Iseqisch.
Iseqisch is moderately wounded.
You block Iseqisch's attack. Iseqisch hits you.
You slash Iseqisch!
Iseqisch is heavily wounded.
You block Iseqisch's attack.
You closely miss Iseqisch.
Iseqisch is heavily wounded.
You block Iseqisch's attack.
You barely miss Iseqisch.
Iseqisch is heavily wounded.
Iseqisch hits you. x2
You slash Iseqisch!
Iseqisch is almost dead.
Iseqisch hits you.
You hit Iseqisch but do no damage.
Iseqisch is almost dead.
Iseqisch hits you. x2
Your shield and scale mail prevent you from hitting Iseqisch.
Iseqisch is almost dead.
Iseqisch hits you.
You closely miss Iseqisch.
Iseqisch is almost dead.
Iseqisch closely misses you.
You hit Iseqisch but do no damage.
You headbutt Iseqisch, but do no damage.
Iseqisch is almost dead.
Iseqisch hits you but does no damage. Iseqisch hits you.
You die...

You could see Iseqisch the big kobold.

Vanquished Creatures
  2 adders
  An adder skeleton (D:3)
  A worm (D:2)
  A giant gecko (D:3)
  5 giant cockroaches
  A goblin (D:2)
  A hobgoblin (D:1)
  A giant newt (D:3)
  3 kobolds (D:2)
  2 rats
18 creatures vanquished.

Action                   || total
-------------------------++-------
Melee: War axe           ||    70
Evoke: Deck              ||     8
  Use: Potion            ||     1

Vault maps used:
D:1:      mrwooster_arrival_arrow
D:2:      led_sif_pool, kiku_gazebo_garden_becter, lemuel_round_altar,
          nemelex_deck
D:3:      wad_pebble_path, grunt_temple_overflow_open, minivault_27,
          guppyfry_early_lair_pool
